 Dungeon Crawl Stone Soup version 0.29-a0-330-g52719c12eb (webtiles) character file.

Game seed: 2203683492631391832

105 night the Shooter (level 4, -3/27 HPs)
             Began as a Tengu Hunter on May 1, 2022.
             Was a Follower of Nemelex Xobeh.
             Slain by an ogre
             ... wielding a +0 giant spiked club
              (30 damage)
             ... on level 4 of the Dungeon.
             The game lasted 00:03:35 (2441 turns).

night the Shooter (Tengu Hunter)                    Turns: 2441, Time: 00:03:36

Health: -3/27      AC:  3    Str: 12    XL:     4   Next: 81%
Magic:  5/5        EV: 13    Int:  9    God:    Nemelex Xobeh [*.....]
Gold:   223        SH:  0    Dex: 19    Spells: 3/3 levels left

rFire   . . .      SeeInvis .   a - +1 shortbow
rCold   . . .      Faith    .   (shield currently unavailable)
rNeg    . . .      Spirit   .   b - +0 leather armour
rPois   .          Reflect  .   (helmet restricted)
rElec   .          Harm     .   (no cloak)
rCorr   .          Rampage  .   (no gloves)
Will    .....                   (boots unavailable)
Stlth   ++........              (no amulet)
HPRegen 0.09/turn               (no ring)
MPRegen 0.09/turn               (no ring)

@: no status effects
A: beak, talons 3
a: Renounce Religion, Draw Escape, Draw Destruction, Draw Summoning


You were on level 4 of the Dungeon.
You worshipped Nemelex Xobeh.
Nemelex Xobeh was aware of your devotion.
You visited 1 branch of the dungeon, and saw 4 of its levels.

You collected 223 gold pieces.

Inventory:

Hand Weapons
 a - a +1 shortbow (weapon)
 f - a +1 mace of protection
 j - a +0 dagger
Missiles
 e - 139 stones
 q - 3 boomerangs
Armour
 b - a +0 leather armour (worn)
Scrolls
 c - a scroll of immolation
 d - 2 scrolls of fog
 h - 2 scrolls of noise {unknown}
 i - a scroll of enchant weapon {unknown}
 k - a scroll of enchant armour {unknown}
 l - a scroll of magic mapping {unknown}
 n - 2 scrolls of identify
 p - 2 scrolls of amnesia {unknown}
 r - 4 scrolls of teleportation
 s - a scroll of holy word {unknown}
 t - a scroll of fear {unknown}
 w - a scroll of acquirement {unknown}
Potions
 g - a potion of curing
 m - 3 potions of heal wounds {unknown}
 o - a potion of haste {unknown}
 u - 2 potions of mutation {unknown}
 v - 2 potions of resistance {unknown}


   Skills:
 + Level 2.9 Fighting
 * Level 5.6 Bows
 + Level 3.2 Dodging
 - Level 1.0 Stealth


You had 3 spell levels left.
You didn't know any spells.
Your spell library contained the following spells:

 Spells                   Type           Power      Damage    Failure   Level
 Magic Dart               Conj           0%         1d3       45%         1
 Call Imp                 Summ           0%         N/A       61%         2
 Scorch                   Fire           0%         2d5       61%         2
 Mephitic Cloud           Conj/Pois/Air  0%         N/A       83%         3
 Flame Wave               Conj/Fire      0%         2d4       99%         4
 Summon Cactus Giant      Summ           0%         N/A       100%        6


Dungeon Overview and Level Annotations

Branches:
Dungeon (4/15)
 Temple: D:4-7

Altars:
Elyvilon
Nemelex Xobeh

Shops:
D:3 (


Innate Abilities, Weirdness & Mutations

You have a beak for a mouth.
You have claws for feet.


Message History

There is an open door here.
There is a stone staircase leading down here.
There is a stone staircase leading down here.
Done exploring.
(D) Dungeon
Where to? (Enter - D:3, ? - help)
What level of the Dungeon? (default 1, ? - help)
There is a stone staircase leading up here.
There is a stone staircase leading down here.
You climb downwards.
There is a stone staircase leading up here.
Found a ring mail.
Found a stone staircase leading down.
No target in view!
r - 4 scrolls of teleportation (gained 3)
You open the door.
Found a leather armour.
There is an open door here.
You see here a +0 leather armour.
You now have 223 gold pieces (gained 13).
An ogre comes into view. It is wielding a +0 giant spiked club.
Okay, then.
You shoot an arrow. The arrow hits the ogre!
The ogre is moderately wounded.
You shoot an arrow.
The arrow hits the ogre but does no damage.
The ogre is moderately wounded.
You shoot an arrow.
The arrow hits the ogre but does no damage.
The ogre is moderately wounded.
The ogre barely misses you.
You shoot an arrow. The arrow hits the ogre.
The ogre is heavily wounded.
The ogre barely misses you.
You shoot an arrow. The arrow hits the ogre!
The ogre is almost dead.
The ogre hits you with a +0 giant spiked club!!
Ouch! That really hurt!
You die...
Your body disappears without a glow.

#####..# .#..#..# #.#
.#..#..# #.# .#.<#..#
#.# .#..#..# #.#
.##.#..# #.#
.##.#..#########.######.
.##.#............O......
.##.#.##########@#
.##.#.# #.#
....#.##########.#
###.#............#
#.############## ###


You could see an ogre.

Vanquished Creatures
  6 adders
  A worm (D:2)
  8 bats
  4 endoplasms
  4 giant cockroaches
  3 goblins
  6 hobgoblins
  2 quokkas (D:2)
  2 ball pythons
  3 frilled lizards
  2 kobolds (D:1)
  5 rats (D:1)
46 creatures vanquished.

Notes
Turn   | Place    | Note
-------+----------+-------------------------------------------
     0 | D:1      | night the Tengu Hunter began the quest for the Orb.
     0 | D:1      | Reached XP level 1. HP: 12/12 MP: 2/2
   136 | D:1      | Reached XP level 2. HP: 17/17 MP: 3/3
   477 | D:2      | Reached XP level 3. HP: 22/22 MP: 4/4
   516 | D:2      | Reached skill level 5 in Bows
   666 | D:2      | Found a faded altar of an unknown god.
   957 | D:2      | Prayed at the altar of an unknown god.
   957 | D:2      | Became a worshipper of Nemelex Xobeh the Trickster
   957 | D:2      | Reached * piety under Nemelex Xobeh
   957 | D:2      | Received a gift from Nemelex Xobeh
   982 | D:2      | Reached XP level 4. HP: 27/27 MP: 5/5
  1032 | D:2      | Found a white marble altar of Elyvilon.
  1823 | D:3      | Found a sparkling altar of Nemelex Xobeh.
  2056 | D:3      | Found Horpheis's Weapon Shop.
  2436 | D:4      | Noticed an ogre
  2441 | D:4      | Slain by an ogre

Illustrated notes

Levels and vault maps discovered:
D:1:      dpeg_arrival_oval, layout_rooms
D:2:      layout_basic, shapermc_ecumenical_altar_notcrosses, basic_altar,
          minmay_circle_x
D:3:      layout_basic, nemelex_spade_bored_becter, serial_shops, shop
D:4:      layout_basic, nicolae_overflow_hidden_temple

Skill      XL: |  1  2  3  4 |
---------------+-------------+-----
Bows           | 5 |  5.6
Dodging        | 3 |  3.2
Fighting       | |  2.9
Stealth        | |  1.0

Action                   |  1- 3 |  4- 6 || total
-------------------------+-------+-------++-------
 Fire: Shortbow          |    70 |    45 ||   115
  Use: Scroll            |     5 |       ||     5
Armor: Leather armour    |     4 |     1 ||     5
Dodge: Dodged            |    20 |     7 ||    27

Table legend: (Time is in decaauts)
 A = Elapsed time spent in this place.
 B = Non-inter-level travel time spent in this place.
 C = Inter-level travel time spent in this place.
 D = Time resting spent in this place.
 E = Time spent auto-exploring this place.
 F = Levels seen in this place.
 G = Mean time per level.
                   A        B        C        D        E       F      G
               +--------+--------+--------+--------+--------+-----+--------+
         Total |   2473 |   2259 |    214 |      0 |   1977 |   4 |  618.2 |
       Dungeon |   2473 |   2259 |    214 |      0 |   1977 |   4 |  618.2 |
               +--------+--------+--------+--------+--------+-----+--------+

Top non-repeatable levels by time:
     D:2: 1136 daAuts
     D:3: 724 daAuts
     D:1: 514 daAuts
     D:4: 97 daAuts
